 Dungeon Crawl Stone Soup version 0.14.0-26-g1682e81 (webtiles) character file.

1274 Gravenous the Stinger (level 8, -2/41 HPs)
             Began as an Octopode Venom Mage on Apr 25, 2014.
             Slain by a water moccasin (4 damage)
             ... while paralysed by a potion of paralysis
             ... on Level 7 of the Dungeon.
             The game lasted 00:15:36 (6375 turns).

Gravenous the Stinger (Octopode Venom Mage)         Turns: 6375, Time: 00:15:37

HP  -2/41        AC  1     Str  7      XL: 8   Next: 19%
MP  15/19        EV  2     Int 24      God:
Gold 278         SH  0     Dex 16      Spells:  3 memorised, 10 levels left

rFire  . . .     SeeInvis .     o - -1,-3 dagger (curse)
rCold  . . .     Clarity  .     (no shield)
rNeg   . . .     Conserve .     (helmet restricted)
rPois  .         rCorr    .     (no amulet)
rElec  +         rRot     .     m - +3 ring of dexterity
SustAb . .       Spirit   .     (no ring)
rMut   .         Warding  .     (no ring)
Saprov . . .     Stasis   .     (no ring)
MR     .....                    (no ring)
                                (no ring)
                                (no ring)
                                (no ring)

@: paralysed, brilliant, flying, lethally poisoned, not resistant to hostile
enchantments, very stealthy
A: almost no armour, amphibious, 8 rings, constrict 8, camouflage 1, blurry
vision 1, frail 1, electricity resistance, gelatinous body 1
a: no special abilities


You were on level 7 of the Dungeon.
You were not hungry.

You visited 1 branch of the dungeon, and saw 7 of its levels.

You collected 278 gold pieces.

Inventory:

Hand weapons
 a - a +0,+1 dagger
 o - a cursed -1,-3 dagger (weapon)
Comestibles
 c - 8 bread rations
 d - a snozzcumber
 g - a pear
 h - 3 meat rations
 s - a chunk of worker ant flesh
Scrolls
 e - a scroll of identify
 j - a scroll of enchant weapon II
 k - a scroll of magic mapping
 l - a scroll of remove curse
 n - a scroll of random uselessness
Jewellery
 m - a +3 ring of dexterity (left tentacle)
Potions
 f - 5 potions of curing
 q - a potion of mutation
 u - a potion of paralysis
Books
 b - a Young Poisoner's Handbook

   Spells                             Type                      Level
   *Sting                             Conjuration/Poison           1
   *Cure Poison                       Poison                       2
   *Mephitic Cloud                    Conjuration/Poison/Air       3
   Olgreb's Toxic Radiance            Poison                       4
   Venom Bolt                         Conjuration/Poison           5


   Skills:
 - Level 2.0 Dodging
 + Level 4.2 Stealth
 + Level 4.7 Spellcasting
 * Level 6.1 Conjurations
 - Level 7.0 Poison Magic


You had 10 spell levels left.
You knew the following spells:

 Your Spells              Type           Power        Failure   Level  Hunger
a - Sting                 Conj/Pois      ####         1%          1    None
b - Mephitic Cloud        Conj/Pois/Air  #####...     1%          3    ##.....
c - Cure Poison           Pois           ######....   1%          2    None


Dungeon Overview and Level Annotations

Branches:
Dungeon (7/15)             Temple (0/1) D:7

Altars:

Annotations:
D:6 exclusion: phantom


Innate Abilities, Weirdness & Mutations

You cannot wear most types of armour.
You are amphibious.
You can wear up to eight rings at the same time.
You can use your tentacles to constrict many enemies at once.
Your skin changes colour to match your surroundings (Stlth).
Your rubbery body absorbs attacks (AC +1).
Your vision is a little blurry.
You are frail (-10% HP).
You are resistant to electric shocks.


Message History

You fly up into the air.
It was a potion of flight.
The water moccasin misses you.
Drink which item? (? for menu, Esc to quit)
You feel clever all of a sudden.
It was a potion of brilliance.
The water moccasin closely misses you. The water moccasin bites you.
Drink which item? (? for menu, Esc to quit)
You suddenly lose the ability to move!
It was a potion of paralysis.
The water moccasin bites you.
You are poisoned.
The water moccasin poisons you!
You feel sick. The water moccasin bites you!
* * * LOW HITPOINT WARNING * * *
The water moccasin bites you.
* * * LOW HITPOINT WARNING * * *
* * * LOW HITPOINT WARNING * * *
You feel sick. The water moccasin barely misses you.
* * * LOW HITPOINT WARNING * * *
You feel sick. The water moccasin bites you.
You die...

#..# #.# ##.# #.# #<#
#.# #.# #.# #.# #.#
#.# #.# #.# #.#
....#####.#########.##
..........olS@........
##.#####.######(######
#.# # #.# #.# #.# ...
.## .


You could see a water moccasin, an iguana and an orc wizard.

Vanquished Creatures
  An ogre (D:4)
  2 giant frogs
  2 scorpions (D:6)
  3 goliath beetles (D:6)
  An orc priest (D:7)
  3 hounds
  4 worker ants
  2 iguanas (D:7)
  4 orc wizards (D:7)
  5 adders
  2 gnolls (D:7)
  A giant mite (D:2)
  5 worms
  An adder skeleton (D:4)
  5 giant geckos
  18 orcs
  9 bats
  8 goblins
  12 hobgoblins
  2 jackals (D:3)
  4 quokkas
  3 ball pythons
  3 giant cockroaches
  2 giant newts
  5 kobolds
  6 rats
113 creatures vanquished.

Notes
Turn   | Place    | Note
--------------------------------------------------------------
     0 | D:1      | Gravenous, the Octopode Venom Mage, began the quest for the Orb.
     0 | D:1      | Reached XP level 1. HP: 11/11 MP: 3/3
   192 | D:1      | Reached skill level 5 in Poison Magic
   240 | D:1      | Reached XP level 2. HP: 17/17 MP: 0/4
   335 | D:1      | Reached skill level 1 in Conjurations
   711 | D:1      | Reached XP level 3. HP: 21/21 MP: 4/6
   826 | D:1      | Learned a level 3 spell: Mephitic Cloud
  1314 | D:2      | Reached XP level 4. HP: 20/27 MP: 2/8
  2391 | D:3      | Learned a level 2 spell: Cure Poison
  3019 | D:4      | Reached XP level 5. HP: 26/31 MP: 3/10
  3116 | D:4      | Noticed an ogre
  3148 | D:4      | Killed an ogre
  3148 | D:4      | Reached skill level 6 in Poison Magic
  3492 | D:4      | Reached XP level 6. HP: 36/36 MP: 7/13
  3942 | D:5      | Entered Level 5 of the Dungeon
  4430 | D:5      | Reached XP level 7. HP: 29/41 MP: 3/15
  5046 | D:6      | Reached skill level 5 in Conjurations
  5195 | D:7      | Reached skill level 7 in Poison Magic
  5656 | D:7      | Reached XP level 8. HP: 46/46 MP: 12/18
  5727 | D:7      | Found a staircase to the Ecumenical Temple.
  6366 | D:7      | Gained mutation: Your vision is a little blurry. [potion of mutation]
  6366 | D:7      | Gained mutation: You are frail (-10% HP). [potion of mutation]
  6366 | D:7      | Gained mutation: You are resistant to electric shocks. [potion of mutation]
  6372 | D:7      | Paralysed by a potion of paralysis for 4 turns
  6375 | D:7      | HP: 2/41 [poisoned by a water moccasin]
  6375 | D:7      | Slain by a water moccasin

Action                   |  1- 3 |  4- 6 |  7- 9 || total
-------------------------+-------+-------+-------++-------
Melee: Unarmed           |    22 |    34 |       ||    56
       Dagger            |       |       |    10 ||    10
 Cast: Sting             |    64 |   138 |    93 ||   295
       Mephitic Cloud    |       |     1 |       ||     1
  Use: Scroll            |       |     7 |     3 ||    10
       Potion            |       |       |     7 ||     7
